 Dungeon Crawl Stone Soup version 0.24.0-37-gcf1ca852f1 (webtiles) character file.

Game seed: 14839565840298960298, levelgen mode: deterministic

18118 grindst0ne the Covert (level 12, -1/81 HPs)
             Began as an Octopode Assassin on Nov 24, 2019.
             Was a Priest of Cheibriados.
             Slain by a yak (16 damage)
             ... led by a torpor snail
             ... on level 1 of the Lair of Beasts.
             The game lasted 00:35:48 (13486 turns).

grindst0ne the Covert (Octopode Assassin)          Turns: 13486, Time: 00:35:49

Health: -1/81      AC:  1    Str: 18    XL:     12   Next: 55%
Magic:  20/20      EV: 22    Int: 22    God:    Cheibriados [***...]
Gold:   717        SH:  6    Dex: 26    Spells: 8/11 levels left

rFire    . . .     SeeInvis .   a - +3 dagger
rCold    + . .     Gourm    .   (no shield)
rNeg     . . .     Faith    .   (helmet restricted)
rPois    +         Spirit   .   z - +6 amulet of reflection
rElec    .         Reflect  +   q - ring of wizardry
rCorr    +         Harm     .   r - ring of resist corrosion
MR       .....                  D - ring of protection from cold
Stlth    +++++++...             v - ring of poison resistance
HPRegen  0.23/turn              I - ring of flight
MPRegen  0.17/turn              (no ring)
                                (no ring)
                                (no ring)

@: very slightly contaminated, very slow
A: almost no armour, stealthy swim, amphibious, 8 rings, constrict 8, camouflage
1, gelatinous body 1
a: Bend Time, Temporal Distortion, Renounce Religion, Evoke Flight


You were on level 1 of the Lair of Beasts.
You worshipped Cheibriados.
Cheibriados was most pleased with you.
You were not hungry.

You visited 2 branches of the dungeon, and saw 12 of its levels.
You also visited: Ossuary and Bailey.

You collected 717 gold pieces.

Inventory:

Hand Weapons
 a - a +3 dagger (weapon)
 A - a +2 scimitar of flaming
Missiles
 b - 8 poisoned darts (quivered)
 c - 2 curare-tipped darts
 h - a throwing net
Jewellery
 q - a ring of wizardry (left tentacle)
 r - a ring of resist corrosion (right tentacle)
 v - a ring of poison resistance (on tentacle)
 z - a +6 amulet of reflection (around mantle)
 D - a ring of protection from cold (on tentacle)
 I - a ring of flight (on tentacle)
Wands
 F - a wand of paralysis (2)
Scrolls
 f - 5 scrolls of enchant weapon
 g - 2 scrolls of fog
 i - 3 scrolls of blinking
 j - 2 scrolls of magic mapping
 s - 3 scrolls of immolation
 u - 4 scrolls of enchant armour
 w - 2 scrolls of silence
 x - 2 scrolls of identify
Potions
 e - 3 potions of lignification
 l - a potion of degeneration {unknown}
 m - a potion of brilliance {unknown}
 n - 6 potions of curing
 p - 5 potions of flight
 t - 2 potions of magic {unknown}
 B - a potion of berserk rage {unknown}
 C - 2 potions of might
 E - a potion of agility {unknown}
 H - a potion of heal wounds
Comestibles
 d - 16 rations


   Skills:
 + Level 7.4 Fighting
 + Level 7.4 Short Blades
 - Level 2.0 Throwing
 + Level 8.9 Dodging
 + Level 13.1 Stealth
 - Level 4.0 Translocations
 * Level 11.8 Invocations
 - Level 5.0 Evocations


You had 8 spell levels left.
You knew the following spells:

 Your Spells              Type           Power        Failure   Level  Hunger
a - Confusing Touch       Hex            #.....       7%          1    ##.....
b - Blink                 Tloc           N/A          1%          2    ###....

Your spell library contained the following spells:

 Spells                   Type           Power        Failure   Level  Hunger
 Apportation              Tloc           ###...       1%          1    ##.....
 Animate Skeleton         Necr           N/A          7%          1    ##.....
 Magic Dart               Conj           #...         7%          1    ##.....
 Summon Small Mammal      Summ           #...         7%          1    ##.....
 Call Imp                 Summ           #.......     11%         2    ###....
 Searing Ray              Conj           #.....       11%         2    ###....
 Slow                     Hex            #.......     11%         2    ###....
 Conjure Flame            Conj/Fire      #.......     21%         3    ####...
 Dazzling Spray           Conj/Hex       #.....       21%         3    ####...
 Mephitic Cloud           Conj/Pois/Air  #.......     21%         3    ####...
 Force Lance              Conj/Tloc      #.......     28%         4    #####..
 Fulminant Prism          Conj/Hex       #.........   52%         4    #####..
 Iskenderun's Mystic Bla  Conj           #.......     52%         4    #####..


Dungeon Overview and Level Annotations

Branches:
Dungeon (10/15)            Temple (0/1) D:5            Lair (2/6) D:10
Ossuary (visited)          Bailey (visited)
  Swamp: Lair:2-4    Shoals: Lair:2-4     Snake: Lair:2-4    Spider: Lair:2-4
    Orc: D:9-12

Altars:
Cheibriados
Wu Jian
Xom
The Shining One

Annotations:
D:2 Sigmund


Innate Abilities, Weirdness & Mutations

You cannot wear most types of armour.
You are very stealthy in the water. (Stealth+)
You are amphibious.
You can wear up to eight rings at the same time.
You can use your tentacles to constrict eight enemies at once.
Your skin changes colour to match your surroundings (Stealth+).
Your rubbery body absorbs attacks. (AC +1, EV +1)


Message History

Aiming: Corrosive Bolt
Press: ? - help, Shift-Dir - straight line, f - yak
Aim: a yak The bolt of acid hits the yak!
The yak is splashed with acid.
The yak is heavily wounded.
Evoke which item? (* to show all) (? for menu, Esc to quit)
Aiming: Corrosive Bolt
Press: ? - help, Shift-Dir - straight line, f/p - yak
Aim: a yak (heavily wounded)
The bolt of acid hits the yak!
The yak is splashed with acid!
The yak is almost dead.
The now-empty wand crumbles to dust.
Evoke which item? (* to show all) (? for menu, Esc to quit)
You don't have any such object.
Evoke which item? (* to show all) (? for menu, Esc to quit)
Okay, then.
You hit the yak.
The yak is almost dead.
The yak gores you!
You die...

#...##.#.#.+#...............
##..........#....#'######...
#.P.............#......#...
#.#.............#......#...
#..........#...........#...
##.P........#....#..........
#...........P....#......#...
#..#.............#......#...
#..#+#####.@#.....##..##....
##........Y.................
#..........[................
##..........................
#......†....................
##..........................
#....^......[.#.P######....
#...###.###...#### #....
#.#.......#....###### #....


You could see a yak.

Vanquished Creatures
  A hydra (Lair:1)
  2 two-headed ogres
  Erica (D:9)
  An ugly thing (D:10)
  Maurice (D:8)
  4 spiny frogs
  A torpor snail (Lair:2)
  3 rime drakes
  A komodo dragon (Lair:2)
  2 hornets (D:9)
  Grinder (D:6)
  8 blink frogs (Lair:2)
  4 hippogriffs
  14 yaks
  A basilisk (Lair:2)
  Grum (D:8)
  An acid dragon (D:10)
  3 porcupines (D:10)
  7 water moccasins
  An orc warrior (D:7)
  3 black bears
  2 phantoms
  4 sky beasts
  4 ogres
  6 wolves
  3 centaurs
  10 crocodiles
  Blork the orc (D:6)
  An elf zombie (Ossuary)
  9 bullfrogs
  2 elf skeletons (D:4)
  3 scorpions
  A water moccasin zombie (D:5)
  6 killer bees (D:10)
  6 wights
  2 howler monkeys
  2 crimson imps
  3 centaur zombies
  2 quasits
  2 bullfrog zombies (D:5)
  7 hounds
  3 jellies
  7 orc priests
  2 bullfrog skeletons
  A human zombie (Ossuary)
  3 worker ants
  Jessica (D:2)
  A centaur skeleton (D:4)
  2 human skeletons (D:4)
  4 iguanas
  10 orc wizards
  4 big kobold zombies (Ossuary)
  2 mummies (Ossuary)
  4 gnolls (D:6)
  A worker ant zombie (D:5)
  8 adders
  4 shadow imps
  An adder zombie (Ossuary)
  3 adder skeletons
  5 worms
  3 dart slugs
  2 leopard geckos
  34 orcs
  8 giant cockroaches
  10 goblins
  6 hobgoblins
  19 jackals
  3 quokkas
  A ball python (D:1)
  4 bats
  5 frilled lizards
  A goblin zombie (Ossuary)
  11 hobgoblin zombies (Ossuary)
  7 kobolds
  12 kobold zombies (Ossuary)
  2 leopard gecko skeletons
  4 orc skeletons (D:4)
  7 orc zombies
  28 rats
  A rat zombie (Ossuary)
371 creatures vanquished.

Vanquished Creatures (others)
  9 fungi
  5 plants (D:10)
14 creatures vanquished.

Grand Total: 385 creatures vanquished

Notes
Turn   | Place    | Note
-------+----------+-------------------------------------------
     0 | D:1      | grindst0ne the Octopode Assassin began the quest for the
                  | Orb.
     0 | D:1      | Reached XP level 1. HP: 14/14 MP: 1/1
   116 | D:1      | Reached XP level 2. HP: 19/19 MP: 2/2
   323 | D:1      | Reached skill level 6 in Stealth
   374 | D:1      | Reached XP level 3. HP: 12/24 MP: 3/3
   832 | D:2      | Noticed Jessica
   840 | D:2      | Killed Jessica
   840 | D:2      | Reached XP level 4. HP: 25/29 MP: 4/4
   877 | D:2      | Noticed Sigmund
   941 | D:2      | Found a glowing golden altar of the Shining One.
  1292 | D:3      | Reached skill level 7 in Stealth
  1292 | D:3      | Reached XP level 5. HP: 12/34 MP: 5/5
  2335 | D:4      | Noticed an ogre
  2340 | D:4      | Found a snail-covered altar of Cheibriados.
  2357 | D:4      | Reached skill level 8 in Stealth
  2357 | D:4      | Reached XP level 6. HP: 39/39 MP: 6/6
  2366 | D:4      | Became a worshipper of Cheibriados the Contemplative
  2432 | D:4      | Reached skill level 1 in Invocations
  2584 | D:4      | Reached XP level 7. HP: 25/45 MP: 7/9
  2688 | D:4      | Found a sand-covered staircase.
  2693 | Ossuary  | Entered an ossuary
  2783 | Ossuary  | Reached * piety under Cheibriados
  3853 | Ossuary  | Reached skill level 5 in Dodging
  3853 | Ossuary  | Reached skill level 9 in Stealth
  4030 | Ossuary  | Reached ** piety under Cheibriados
  4342 | D:4      | Reached XP level 8. HP: 45/50 MP: 11/11
  4476 | D:4      | Learned a level 1 spell: Confusing Touch
  4806 | D:5      | Entered Level 5 of the Dungeon
  4861 | D:5      | Reached skill level 5 in Invocations
  4962 | D:5      | Reached *** piety under Cheibriados
  4990 | D:5      | Found a staircase to the Ecumenical Temple.
  5312 | D:5      | Found an ornate altar of the Wu Jian Council.
  5879 | D:6      | Noticed Grinder
  5887 | D:6      | Killed Grinder
  5887 | D:6      | Reached skill level 10 in Stealth
  5897 | D:6      | Noticed Blork the orc
  5903 | D:6      | Reached XP level 9. HP: 24/56 MP: 13/13
  5907 | D:6      | Killed Blork the orc
  6130 | D:6      | Reached **** piety under Cheibriados
  6732 | D:7      | Found a shimmering altar of Xom.
  6927 | D:7      | Found a flagged portal.
  6955 | Bailey   | Entered a bailey
  7034 | Bailey   | Noticed a deep elf mage
  7037 | Bailey   | Noticed a hellwing
  7514 | D:7      | Reached skill level 1 in Evocations
  8183 | D:8      | Noticed Grum
  8185 | D:8      | Killed Grum
  8381 | D:8      | Reached XP level 10. HP: 65/65 MP: 16/16
  8417 | D:8      | Reached skill level 11 in Stealth
  8530 | D:8      | Noticed Maurice
  8536 | D:8      | Killed Maurice
  8757 | D:9      | Noticed a two-headed ogre
  8762 | D:9      | Killed a two-headed ogre
  8762 | D:9      | Reached skill level 5 in Fighting
  8762 | D:9      | Reached skill level 5 in Short Blades
  9050 | D:9      | Reached ***** piety under Cheibriados
  9153 | D:9      | Identified a scroll of acquirement
  9373 | D:9      | Noticed Erica
  9379 | D:9      | Killed Erica
  9441 | D:10     | Entered Level 10 of the Dungeon
  9562 | D:10     | Noticed a two-headed ogre
  9568 | D:10     | Reached XP level 11. HP: 69/72 MP: 18/18
  9650 | D:10     | Learned a level 2 spell: Blink
  9731 | D:10     | Killed a two-headed ogre
  9731 | D:10     | Reached skill level 12 in Stealth
  9731 | D:10     | Reached skill level 10 in Invocations
  9769 | D:10     | Reached skill level 1 in Translocations
 10408 | D:10     | Found a staircase to the Lair.
 10469 | D:10     | Noticed a green ugly thing
 10478 | D:10     | Killed a green ugly thing
 10809 | Lair:1   | Entered Level 1 of the Lair of Beasts
 10815 | Lair:1   | Reached skill level 5 in Evocations
 11403 | Lair:1   | Noticed a seven-headed hydra
 11412 | Lair:1   | HP: 2/74 [seven-headed hydra (10)]
 11416 | Lair:1   | Killed a seven-headed hydra
 12056 | Lair:2   | Reached XP level 12. HP: 80/80 MP: 20/20
 12757 | Lair:2   | Reached skill level 13 in Stealth
 13486 | Lair:1   | Slain by a yak

Levels and vault maps discovered:
D:1:      lemuel_arrival_hallway, layout_loops_ring, moated_statue
D:2:      layout_loops_corners, first_ration, chequers_serial_rivers_small_b,
          nicolae_tso_carved_into_rock, uniq_jessica, uniq_sigmund
D:3:      layout_loops_ring, corexii_corridor_pit, minmay_rat_hole
D:4:      layout_cave_pools, nicolae_ossuary_entry_catacombs,
          cheibriados_altar_1
D:5:      layout_cave_pools, overflow_temple_1_default,
          minmay_temple_entry_proselytizer
D:6:      layout_rooms, gup_sewer_entry_bubbles, uniq_grinder,
          uniq_blork_the_orc
D:7:      layout_loops_ring, serial_co_window_serial, co_window_paths_b,
          co_window_corner_a, co_window_paths_a, co_window_corner_a,
          co_window_corner_a, co_window_paths_a, co_window_paths_a,
          co_window_corner_b, co_window_corner_ca, co_window_broadway_c,
          co_window_broadway_b, co_window_corner_ca, co_window_paths_c,
          glass_columns_a, glass_columns_b, glass_columns_a, enter_bailey_2,
          basic_altar
D:8:      layout_basic, uniq_grum, uniq_maurice
D:9:      layout_loops_ring, uniq_erica
D:10:     layout_long_grid, minmay_lair_entry_grove
Lair:1:   layout_regular_city, grunt_megastairs_4
Lair:2:   layout_regular_city, nicolae_quartered_pool_medium,
          beast_lair_carwin_2

Skill      XL: |  1  2  3  4  5  6  7  8  9 10 11 12 |
---------------+-------------------------------------+-----
Dodging        | 2 3 4 5 6 7 8 |  8.9
Stealth        | 6 7 8 9 10 11 12 13 | 13.1
Invocations    | 2 4 6 8 9 11 | 11.8
Fighting       | 3 4 5 6 7 |  7.4
Short Blades   | 3 4 5 6 7 |  7.4
Evocations     | 2 4 5 |  5.0
Translocations | 3 4 |  4.0
Throwing       | |  2.0

Action                   |  1- 3 |  4- 6 |  7- 9 | 10-12 || total
-------------------------+-------+-------+-------+-------++-------
Melee: Dagger            |    45 |   153 |   384 |   340 ||   922
       Constrict         |     7 |    36 |    84 |    49 ||   176
       Tentacles         |     4 |    22 |   132 |   158 ||   316
       Scimitar          |       |       |       |     2 ||     2
Throw: Dart              |       |     6 |     1 |       ||     7
 Cast: Blink             |       |       |       |     2 ||     2
Invok: Temporal Distorti |       |       |     2 |       ||     2
       Slouch            |       |       |     1 |     9 ||    10
Evoke: Wand              |       |       |     8 |    17 ||    25
  Use: Scroll            |     4 |     4 |    10 |     6 ||    24
       Potion            |       |       |     4 |     2 ||     6
 Stab: Sleeping          |    15 |     9 |    28 |    37 ||    89
       Distracted        |       |     1 |       |     2 ||     3
  Eat: Chunk             |       |     5 |     3 |    10 ||    18
       Ration            |       |       |     2 |       ||     2
Armor: Skin              |     2 |     4 |    29 |     2 ||    37
Dodge: Dodged            |    23 |   115 |   251 |   187 ||   576
Block: Other             |       |       |     2 |    75 ||    77
       Reflection        |       |       |       |     1 ||     1
       Rpst.: Scimitar   |       |       |       |     1 ||     1
